 Dungeon Crawl Stone Soup version 0.31-a0-175-g9f7f995f2b (webtiles) character file.

Game seed: 4925385971340394719

426 qw the Chopper (level 6, -13/38 HPs)
             Began as a Gargoyle Fighter on June 16, 2023.
             Was an Initiate of Okawaru.
             Mangled by an ogre
             ... wielding a +0 giant club
              (19 damage)
             ... on level 5 of the Dungeon.
             The game lasted 00:01:53 (4225 turns).

qw the Chopper (Gargoyle Fighter)                   Turns: 4225, Time: 00:01:54

Health: -13/38     AC: 13    Str: 28    XL:     6   Next: 97%
Magic:  6/6        EV:  8    Int:  8    God:    Okawaru [......]
Gold:   245        SH:  4    Dex:  9    Spells: 5/5 levels left

rFire   . . .        b - +1 war axe (vamp)
rCold   + . .        c - +0 buckler
rNeg    + . .        k - +0 chain mail
rPois   inf          (no helmet)
rElec   +            (no cloak)
rCorr   .            (no gloves)
SInv    .            (no boots)
Will    .....        (no amulet) Stlth
                     m - ring of protection from cold
HPRegen 0.26/turn    n - +6 ring of strength
MPRegen 0.10/turn

%: no passive effects
@: no status effects
A: sickness immunity, AC +4, negative energy resistance 1, electricity
resistance, torment resistance 1, petrification resistance
a: Renounce Religion


You were on level 5 of the Dungeon.
You worshipped Okawaru.
Okawaru was noncommittal.
You visited 2 branches of the dungeon, and saw 6 of its levels.

You collected 245 gold pieces.


Innate Abilities, Weirdness & Mutations

You are immune to sickness and miasma.
Your stone body is resilient. (AC +4)
You are immune to poison.
You resist negative energy. (rN+)
You are resistant to electric shocks. (rElec)
You are resistant to unholy torment.
You are immune to petrification.


   Skills:
 - Level 4.1 Fighting
 - Level 6.0 Axes
 - Level 1.1 Throwing
 - Level 3.2 Armour
 + Level 0.0 Dodging
 - Level 3.2 Shields


You had 5 spell levels left.
You didn't know any spells.
Your spell library was empty.

Inventory:

Hand Weapons
 a - a +0 flail
 b - a +1 vampiric war axe (weapon)
 h - a +0 morningstar of draining
 o - a +0 hand axe
Armour
 c - a +0 buckler (worn)
 k - a +0 chain mail (worn)
Jewellery
 m - a ring of protection from cold (left hand)
 n - a +6 ring of strength (right hand)
Scrolls
 l - a scroll of identify
Potions
 d - a potion of might
 f - a potion of curing {unknown}
 g - a potion of heal wounds {unknown}
 i - a potion of lignification {unknown}
 j - a potion of degeneration {unknown}

Dungeon Overview and Level Annotations

Branches:
Dungeon (5/15)             Temple (1/1) D:4

Altars:
Ashenzari
Cheibriados
Dithmenos
Elyvilon
Fedhas
Gozag
Hepliaklqana
Kikubaaqudgha
Makhleb
Okawaru
Qazlal
Ru
Sif Muna
Trog
Uskayaw
Wu Jian
Xom
Yredelemnul
The Shining One

Shops:
D:2 *   D:4 (


Message History

Reactivating autopickup.
You feel a bit more experienced.
Your Axes skill increases to level 6!
You start resting.
HP restored.
Done exploring.
(D) Dungeon (T) Temple
Where to? (* - list waypoints, Enter - D:5, ? - help)
What level of the Dungeon? (default 1, ? - help)
You climb downwards.
The orc closely misses you.
There is a stone staircase leading up here.
An orc is nearby!
You hit the orc.
The orc is heavily wounded.
You block the orc's attack.
You slash the orc!
You kill the orc!
Okawaru accepts your kill.
Items here: %% ))) [[.
p - a javelin
p - 3 javelins (gained 2)
Found an escape hatch in the ceiling.
An ogre comes into view. It is wielding a +0 giant club.
The ogre shouts!
You throw a javelin. The javelin pierces through the ogre.
The ogre is lightly wounded.
You throw a javelin. The javelin barely misses the ogre.
You throw a javelin. The javelin barely misses the ogre.
You hit the ogre but do no damage.
The ogre is lightly wounded.
The ogre hits you with a +0 giant club!
You slash the ogre!
The ogre is heavily wounded.
The ogre hits you with a +0 giant club!!
Ouch! That really hurt!
You hit the ogre.
You feel better.
The ogre is heavily wounded.
The ogre hits you with a +0 giant club!!
Ouch! That really hurt!
You die...

.# #.## #...# #
#####.....
..###!........
#.##..........
#.##.@O.....(.
######.##.#.#....(
#...........# ...
####.###..<...##.##
#
..................#
#
##...##......##....
#.##. #..##.##.##
##.
##....###....##.#
.......#..#####.#


You could see an ogre.

Vanquished Creatures
  A hound (D:5)
  2 orc priests
  2 iguanas
  2 orc wizards
  Terence (D:2)
  3 gnolls (D:4)
  8 adders
  A river rat (D:4)
  4 worms
  A dart slug (D:1)
  8 orcs
  5 bats
  9 endoplasms
  5 giant cockroaches
  4 goblins
  6 hobgoblins
  4 jackals (D:1)
  5 kobolds
  2 quokkas
  8 ball pythons
  A frilled lizard (D:1)
  7 rats
89 creatures vanquished.

Notes
Turn   | Place    | Note
-------+----------+-------------------------------------------
     0 | D:1      | qw the Gargoyle Fighter began the quest for the Orb.
     0 | D:1      | Reached XP level 1. HP: 14/14 MP: 1/1
     0 | D:1      | 0 ||| qw: Version: 0.2-a-29-g511e9b1
     0 | D:1      | 0 ||| qw: Game counter: 55
     0 | D:1      | 0 ||| qw: Always use a shield: true
     0 | D:1      | 0 ||| qw: God list: Okawaru
     0 | D:1      | 0 ||| qw: Allow faded altars: false
     0 | D:1      | 0 ||| qw: Do Orc after D:15 true
     0 | D:1      | 0 ||| qw: Do second Lair branch before Depths: true
     0 | D:1      | 0 ||| qw: Lair rune preference: random
     0 | D:1      | 0 ||| qw: Plans: Normal, Zot:1-4, Slime:5, God:TSO, Crypt,
                  | Tomb, Abyss, Pan, Hells, Win
     0 | D:1      | 0 ||| PLANNING D:1-11
    28 | D:1      | Reached skill level 2 in Axes
   147 | D:1      | Reached XP level 2. HP: 19/19 MP: 2/2
   350 | D:1      | Found a faded altar of an unknown god.
   376 | D:1      | Reached skill level 3 in Axes
   492 | D:1      | Reached XP level 3. HP: 17/23 MP: 3/3
   556 | D:1      | 556 ||| Stepping ~*~*~tactically~*~*~ (hiding).
   723 | D:1      | 723 ||| READING scroll labelled CINIXIZ MISER.
   724 | D:1      | 724 ||| READING scroll labelled OTIUFI DEAHUA.
   826 | D:2      | 826 ||| DROPPING +0 club.
   909 | D:2      | Noticed Terence
   917 | D:2      | Killed Terence
   918 | D:2      | Reached XP level 4. HP: 22/28 MP: 4/4
   981 | D:2      | Found Evvedeep's General Store.
   989 | D:2      | 989 ||| SHOPLISTING +5 ring mail of a Labyrinth {rPois rF+}
                  | (566 gold, have 64).
  1013 | D:2      | Reached skill level 4 in Axes
  1221 | D:2      | 1221 ||| READING scroll of brand weapon.
  1221 | D:2      | 1221 ||| BRANDING +0 war axe of draining.
  1528 | D:2      | 1528 ||| UPGRADING to +0 chain mail.
  1538 | D:2      | 1538 ||| DROPPING +0 scale mail.
  1539 | D:2      | 1539 ||| DROPPING amulet of magic regeneration.
  1540 | D:2      | 1540 ||| UPGRADING to ring of protection from cold.
  1541 | D:2      | 1541 ||| UPGRADING to +6 ring of strength.
  1542 | D:2      | 1542 ||| READING scroll labelled FOTTUT JET.
  1643 | D:2      | 1643 ||| READING scroll labelled VAAG ABLESU.
  1679 | D:3      | Found a stormy altar of Qazlal.
  2061 | D:3      | Reached XP level 5. HP: 31/32 MP: 5/5
  2198 | D:3      | 2198 ||| Stepping ~*~*~tactically~*~*~ (stealth).
  2401 | D:3      | Reached skill level 5 in Axes
  2436 | D:3      | 2436 ||| READING scroll of brand weapon.
  2436 | D:3      | 2436 ||| BRANDING +0 heavy war axe.
  2737 | D:3      | 2737 ||| READING 2 scrolls labelled SIXZEXAFAL.
  2738 | D:3      | 2738 ||| READING 2 scrolls labelled BAGUNT GIOLYVO.
  2739 | D:3      | 2739 ||| DROPPING scroll of noise.
  2765 | D:4      | 2765 ||| PLANNING SEWER
  2800 | D:4      | 2800 ||| Stepping ~*~*~tactically~*~*~ (stealth).
  2820 | D:4      | 2820 ||| FLEEEEING.
  2821 | D:4      | 2821 ||| FLEEEEING.
  2822 | D:4      | 2822 ||| FLEEEEING.
  2823 | D:4      | 2823 ||| FLEEEEING.
  2824 | D:4      | 2824 ||| FLEEEEING.
  2825 | D:4      | 2825 ||| FLEEEEING.
  2828 | D:4      | 2828 ||| FLEEEEING.
  2829 | D:4      | 2829 ||| FLEEEEING.
  2831 | D:4      | 2831 ||| FLEEEEING.
  2832 | D:4      | 2832 ||| FLEEEEING.
  2833 | D:4      | 2833 ||| FLEEEEING.
  2834 | D:4      | 2834 ||| FLEEEEING.
  2835 | D:4      | 2835 ||| FLEEEEING.
  2836 | D:4      | 2836 ||| FLEEEEING.
  2837 | D:4      | 2837 ||| STAIRDANCE
  2863 | D:3      | 2863 ||| READING scroll labelled JOREC RUG EVONG.
  2868 | D:4      | 2868 ||| STAIRDANCE
  2919 | D:4      | 2919 ||| STAIRDANCE
  3016 | D:4      | Found Ymug's Antique Weapon Boutique.
  3039 | D:4      | Found a staircase to the Ecumenical Temple.
  3273 | D:4      | Reached XP level 6. HP: 22/38 MP: 6/6
  3287 | D:4      | Reached skill level 1 in Throwing
  3469 | D:4      | 3469 ||| RIP SEWER
  3599 | D:4      | 3599 ||| PLANNING TEMPLE
  3599 | D:4      | 3599 ||| READING 2 scrolls labelled CIC YSUJUWADYZ.
  3600 | D:4      | 3600 ||| READING scroll of enchant weapon.
  3600 | D:4      | 3600 ||| ENCHANTING +0 vampiric war axe.
  3601 | D:4      | 3601 ||| READING 2 scrolls of identify.
  3601 | D:4      | 3601 ||| IDENTIFYING silvery potion
  3602 | D:4      | 3602 ||| DROPPING potion of invisibility.
  3674 | Temple   | Entered the Ecumenical Temple
  3675 | Temple   | 3675 ||| PLANNING OKAWARU WORSHIP
  3746 | Temple   | Became a worshipper of Warmaster Okawaru
  3747 | Temple   | 3747 ||| PLANNING D:1-11
  4066 | D:5      | Entered Level 5 of the Dungeon
  4073 | D:5      | 4073 ||| Stepping ~*~*~tactically~*~*~ (stealth).
  4079 | D:5      | 4079 ||| Stepping ~*~*~tactically~*~*~ (stealth).
  4145 | D:5      | 4145 ||| FLEEEEING.
  4146 | D:5      | 4146 ||| FLEEEEING.
  4147 | D:5      | 4147 ||| FLEEEEING.
  4148 | D:5      | 4148 ||| FLEEEEING.
  4149 | D:5      | 4149 ||| FLEEEEING.
  4150 | D:5      | 4150 ||| FLEEEEING.
  4151 | D:5      | 4151 ||| STAIRDANCE
  4157 | D:4      | Reached skill level 6 in Axes
  4224 | D:5      | HP: 5/38 [ogre/+0 giant club (22)]
  4225 | D:5      | Mangled by an ogre

Levels and vault maps discovered:
D:1:      psy_arrival_statuary, layout_loops_ring, basic_ecumenical_altar,
          minmay_misc_feat_diagonals
D:2:      layout_basic, serial_shops, nicolae_square_shop, uniq_terence
D:3:      layout_basic, amcnicky_altar_gilded
D:4:      layout_basic, minmay_temple_entry_wispy, serial_shops, shop,
          gup_sewer_entry_spiral, amcnicky_mini_pool_small
D:5:      layout_loops_ring, nemelex_xobeh_ov_fountains_minmay
Temple:   dpeg_three_leaves_temple

Skill      XL: |  1  2  3  4  5  6 |
---------------+-------------------+-----
Axes           | 2 3 4 5 6 |  6.0
Fighting       | 4 |  4.1
Throwing       | 1 |  1.1
Armour         | |  3.2
Shields        | |  3.2

Action                     |  1- 3 |  4- 6 || total
---------------------------+-------+-------++-------
  Melee: War axe           |   108 |   175 ||   283
  Throw: Javelin           |       |    10 ||    10
    Use: Scroll            |     2 |    10 ||    12
 Armour: Scale mail        |    54 |     9 ||    63
         Chain mail        |       |    88 ||    88
  Dodge: Dodged            |    58 |    56 ||   114
  Block: Buckler           |    17 |    40 ||    57

Table legend:
 A = Non-vault XP
 B = Vault XP
 C = Vault XP percentage of total XP
 D = Non-vault monster count
 E = Vault monster count
 F = Vault count percentage of total count
                 A         B        C        D         E       F
            +---------+---------+-------+---------+---------+-------
      Total |     541 |      68 |  11.2 |      83 |       6 |   6.7
            +---------+---------+-------+---------+---------+-------
        D:1 |      47 |       0 |   0.0 |      25 |       0 |   0.0
        D:2 |      55 |      32 |  36.8 |      20 |       1 |   4.8
        D:3 |     155 |       0 |   0.0 |      17 |       0 |   0.0
        D:4 |     142 |      36 |  20.2 |      12 |       5 |  29.4
        D:5 |     142 |       0 |   0.0 |       9 |       0 |   0.0
            +---------+---------+-------+---------+---------+-------
